Map: Orbital Shipyard

Players

LilDicky - Winner!

  • Race: Terran Terran
  • League: Diamond

DooM

  • Race: Terran Terran
  • League: Platinum

VOD

http://www.twitch.tv/tumescentpie

Description

Time

  • Played on: Nov. 30, 2015, 7:24 p.m.
  • Length: 23:47
Show
View Real Time Build Order
Export as new Build Order

LilDicky Terran - Winner!

Build Orders: 1/1/1, Banshee Rush 

Get SALT Encoding   

  12  0:01  SCV  
  13  0:14  SCV  
  14  0:18  Supply Depot  
  14  0:26  SCV  
  15  0:36  Refinery  
  15  0:40  SCV  
  16  0:47  Barracks  
  16  0:52  SCV  
  17  1:04  SCV  
  18  1:16  SCV  
  19  1:28  SCV  
  20  1:34  Marine  
  20  1:35  Supply Depot  
  21  1:40  Factory  
  21  1:42  Orbital Command  
  21  1:45  Refinery  
  21  1:54  Marine  
  22  2:12  Marine  
  22  2:14  Supply Depot  
  22  2:25  Factory Tech Lab  
  22  2:26  Starport  
  22  2:29  SCV  
  23  2:30  Marine  
  23  2:33  Supply Depot  
  24  2:42  SCV  
  25  2:53  Widow Mine  
  25  2:54  SCV  
  25  2:57  Marine  
  29  3:06  SCV  
  29  3:07  Cloaking Field  
  29  3:08  Banshee  
  33  3:23  SCV  
  34  3:31  Marine  
  35  3:35  Engineering Bay  
  35  3:36  SCV  
  35  3:40  Factory Tech Lab  
  36  3:49  SCV  
  36  3:50  Marine  
  36  3:51  Banshee  
  41  4:03  Command Center  
  41  4:07  Siege Tank  
  44  4:13  SCV, Marine  
  44  4:36  Banshee  
  41  4:58  Marine  
  41  4:59  SCV  
  40  5:02  Siege Tank  
  43  5:16  Marine  
  44  5:37  Siege Tank  
  44  5:50  Banshee  
  47  6:03  SCV  
  48  6:05  Orbital Command  
  48  6:06  Marine  
  46  6:15  SCV  
  47  6:19  Command Center  
  47  6:24  Marine  
  48  6:27  SCV  
  49  6:41  Marine  
  48  6:50  Viking  
  50  6:59  Marine  
  39  7:17  Marine  
  39  7:19  Starport x3  
  39  7:20  Viking  
  42  7:28  Refinery x2  
  38  7:35  Marine  
  38  7:38  SCV x2  
  38  7:41  Siege Tank  
  43  7:45  Refinery  
  43  7:50  SCV x2, Orbital Command  
  45  7:53  Marine  
  45  7:56  Starport Tech Lab  
  45  7:57  Starport Reactor  
  45  7:58  Starport Reactor  
  46  8:02  SCV  
  46  8:03  SCV  
  48  8:10  Marine  
  48  8:11  Refinery  
  49  8:13  Siege Tank  
  49  8:14  SCV  
  49  8:15  SCV  
  49  8:17  Viking x2  
  49  8:18  SCV  
  59  8:27  SCV  
  60  8:28  Marine  
  61  8:35  SCV x2  
  61  8:36  Fusion Core  
  63  8:45  Siege Tank  
  63  8:47  Viking  
  63  8:48  Viking  
  68  8:56  Command Center  
  68  8:59  Banshee  
  65  9:26  Banshee, Viking  
  65  9:28  Viking x2  
  74  9:33  SCV  
  74  9:34  SCV x2  
  77  9:50  Advanced Ballistics  
  77  9:53  Supply Depot  
  77  10:08  SCV x3  
  77  10:11  Hyperflight Rotors  
  77  10:12  Banshee x2  
  77  10:13  Banshee  
  89  10:14  Hellion  
  89  10:15  Hellion  
  89  10:20  SCV x3  
  97  10:22  Orbital Command  
  97  10:23  Factory, Refinery  
  97  10:26  Supply Depot  
  96  10:34  Missile Turret  
  96  10:35  Missile Turret  
  96  10:37  Liberator x2  
  96  10:41  Missile Turret  
  96  10:44  SCV x2, Missile Turret  
  96  10:46  Hellion  
  96  10:48  Hellion  
  102  10:53  Supply Depot  
  108  11:15  Banshee x2, Hellion, Factory Reactor  
  108  11:17  Supply Depot  
  116  11:31  SCV x2  
  115  11:38  Hellion  
  114  11:41  Viking x3  
  117  11:53  Hellion x2  
  118  11:55  Hellion  
  118  11:58  Viking  
  119  12:07  Command Center  
  119  12:12  SCV  
  120  12:24  Raven  
  120  12:25  Raven  
  124  12:33  Raven  
  124  12:34  Hellion x2  
  124  12:36  Supply Depot  
  130  12:37  Supply Depot  
  130  12:38  Supply Depot  
  120  13:18  Banshee x2  
  120  13:19  Viking x2  
  130  13:24  SCV  
  130  13:25  SCV, Raven  
  131  13:48  Command Center  
  129  13:55  Viking  
  129  13:56  Viking  
  129  14:01  Banshee, Viking  
  127  14:13  SCV, Hellion x4  
  127  14:14  SCV  
  127  14:15  Raven  
  135  14:31  Raven  
  135  14:33  Behemoth Reactor, Missile Turret, Liberator x2  
  137  14:40  Refinery  
  137  14:41  Refinery  
  137  14:42  Armory  
  137  14:43  Armory, Refinery  
  137  14:44  Battlecruiser  
  143  14:48  Armory  
  149  14:57  Liberator  
  149  14:58  Banshee  
  152  15:08  Planetary Fortress  
  152  15:16  Liberator x2  
  155  15:30  Weapon Refit  
  161  15:40  Missile Turret  
  161  15:41  Battlecruiser  
  167  15:43  Terran Vehicle And Ship Armor Level 1  
  167  15:48  Battlecruiser  
  173  16:00  Orbital Command  
  173  16:11  Refinery  
  173  16:13  Refinery  
  173  16:36  Command Center  
  173  16:48  Battlecruiser x2  
  173  16:52  Terran Vehicle Weapons Level 1, Terran Ship Weapons Level 1  
  173  16:53  Battlecruiser  
  191  17:21  Hellion  
  193  17:41  Refinery  
  193  17:42  Command Center  
  193  17:45  Refinery  
  193  17:47  Hellion x3  
  193  17:50  Starport  
  193  17:51  Terran Vehicle And Ship Armor Level 2, Starport x2  
  192  18:13  Orbital Command  
  192  18:45  Missile Turret  
  192  19:11  Terran Vehicle Weapons Level 2  
  192  19:12  Terran Ship Weapons Level 2  
  192  19:14  Missile Turret  
  192  19:20  Missile Turret  
  192  19:21  Missile Turret  
  192  19:22  Command Center  
  192  19:32  Starport Tech Lab x3  
  191  20:26  Refinery  
  186  20:52  Corvid Reactor  
  186  20:54  Explosive Shrapnel Shells  
  186  20:55  High Capacity Fuel Tanks  
  186  21:17  Refinery  
  186  21:18  Refinery  
  186  21:22  Battlecruiser x2  
  130  22:59  Hellion x3  
Show
View Real Time Build Order
Export as new Build Order

DooM Terran 

Build Orders: Liberator Opening 

Get SALT Encoding   

  12  0:01  SCV  
  13  0:22  SCV, Supply Depot  
  13  0:27  Refinery  
  14  0:30  Refinery  
  14  0:35  SCV  
  15  0:54  Barracks  
  15  1:07  SCV  
  15  1:08  Supply Depot  
  16  1:19  SCV  
  17  1:31  SCV  
  18  1:41  Barracks Tech Lab  
  18  1:42  Factory  
  18  1:47  SCV  
  19  1:59  Marine  
  20  2:02  SCV  
  21  2:14  SCV  
  22  2:34  Starport  
  22  2:36  Siege Tank  
  25  2:43  Orbital Command  
  25  2:51  Marine  
  26  2:55  Supply Depot  
  26  3:12  Medivac  
  28  3:14  Siege Tank  
  31  3:25  Liberator  
  31  3:29  SCV  
  32  3:41  SCV  
  36  3:56  Command Center  
  36  4:06  Factory  
  36  4:12  Siege Tank  
  39  5:01  Factory Tech Lab, Starport Tech Lab  
  39  5:02  Supply Depot  
  39  5:03  SCV  
  37  5:12  Orbital Command  
  37  5:16  SCV  
  37  5:18  Engineering Bay  
  36  5:28  SCV  
  37  5:32  Raven  
  36  5:51  SCV  
  36  5:52  Building Armor  
  36  5:55  Missile Turret  
  34  5:57  Siege Tank  
  34  5:59  Missile Turret  
  34  6:03  Liberator  
  37  6:07  Missile Turret  
  37  6:10  SCV x2, Missile Turret  
  39  6:15  Widow Mine  
  41  6:22  SCV x2  
  46  6:34  Factory Tech Lab  
  46  6:39  Supply Depot  
  33  7:04  Siege Tank  
  33  7:28  Siege Tank  
  36  7:31  SCV x2  
  36  7:35  Refinery x2  
  38  7:42  Factory Tech Lab  
  38  7:43  SCV x2  
  40  7:52  Supply Depot  
  40  7:55  Supply Depot, SCV  
  40  7:57  SCV  
  42  8:07  SCV  
  42  8:10  SCV  
  44  8:19  SCV  
  45  8:22  SCV  
  45  8:24  Command Center  
  46  8:34  SCV  
  47  8:36  Siege Tank  
  47  8:38  Siege Tank  
  47  8:41  SCV  
  54  8:44  Liberator  
  54  8:46  SCV  
  55  8:49  Missile Turret  
  55  8:53  SCV  
  56  8:58  SCV  
  58  9:21  SCV  
  56  9:29  Armory  
  56  9:31  Supply Depot  
  56  9:33  SCV  
  56  9:35  Factory  
  57  9:42  Sensor Tower  
  57  9:44  Medivac  
  57  9:45  SCV  
  60  9:47  Orbital Command  
  60  9:57  SCV  
  61  10:01  Sensor Tower  
  61  10:05  Supply Depot  
  61  10:07  SCV  
  62  10:18  SCV  
  62  10:19  SCV x2  
  65  10:30  SCV  
  65  10:31  Command Center, Missile Turret  
  66  10:35  Missile Turret  
  66  10:46  Factory Tech Lab  
  66  10:48  Siege Tank x2  
  72  10:56  SCV  
  73  10:58  Refinery  
  73  11:00  Refinery  
  73  11:06  Siege Tank  
  73  11:07  Sensor Tower, Missile Turret  
  73  11:08  SCV, Terran Vehicle And Ship Armor Level 1  
  76  11:18  SCV  
  76  11:20  SCV  
  76  11:24  Refinery  
  77  11:30  Refinery  
  77  11:32  SCV  
  76  11:55  Missile Turret  
  76  12:03  Missile Turret  
  76  12:14  Missile Turret  
  76  12:18  Starport, Hi-Sec Auto Tracking  
  76  12:28  Starport  
  76  12:32  Orbital Command  
  76  12:33  Sensor Tower  
  76  12:35  SCV x3  
  79  12:39  Missile Turret  
  79  12:44  Missile Turret  
  67  13:02  Thor x2  
  67  13:03  Siege Tank, Terran Ship Weapons Level 1  
  76  13:22  Viking x2  
  77  13:29  Missile Turret  
  77  13:35  Thor  
  77  13:40  SCV  
  84  13:45  Thor  
  88  13:55  SCV  
  89  13:56  SCV x2  
  89  13:57  SCV  
  92  14:07  SCV  
  92  14:08  SCV  
  92  14:09  SCV x2  
  93  14:19  SCV  
  93  14:20  SCV  
  93  14:21  SCV x2  
  97  14:29  Siege Tank  
  100  14:31  SCV  
  100  14:33  SCV x2, Starport Tech Lab  
  100  14:34  Missile Turret  
  103  14:42  SCV  
  103  14:43  SCV  
  103  14:45  SCV, Missile Turret  
  106  14:54  Missile Turret  
  106  14:57  SCV  
  107  15:01  Raven  
  107  15:02  Raven  
  107  15:05  Sensor Tower  
  111  15:08  Terran Vehicle Weapons Level 1  
  111  15:11  Starport Tech Lab  
  108  15:15  Starport  
  99  15:21  SCV  
  99  15:22  SCV x2  
  101  15:39  Liberator x2  
  101  15:40  Liberator  
  101  15:49  Thor, Missile Turret  
  107  15:50  Corvid Reactor  
  107  15:51  Missile Turret  
  107  15:55  Starport Tech Lab  
  116  16:06  Factory  
  116  16:11  Factory  
  116  16:12  Factory  
  116  16:14  Supply Depot  
  116  16:15  Factory  
  116  16:20  Hellion x2  
  116  16:21  SCV  
  116  16:22  SCV x2  
  123  16:32  Thor  
  129  16:33  SCV  
  129  16:34  SCV  
  131  16:43  Supply Depot  
  131  16:45  Missile Turret, Infernal Pre-Igniter  
  131  16:47  Liberator  
  131  16:50  Supply Depot  
  131  16:52  Supply Depot  
  131  16:53  Supply Depot  
  131  16:54  Supply Depot  
  131  16:55  Supply Depot  
  131  17:02  Terran Vehicle And Ship Armor Level 2  
  131  17:04  Thor  
  131  17:08  Factory Tech Lab x4  
  140  17:25  Supply Depot  
  140  17:28  Liberator  
  140  17:30  Supply Depot  
  140  17:37  Thor x2  
  140  17:39  Hellion x3  
  140  17:40  Widow Mine  
  160  17:45  Liberator  
  160  17:48  Supply Depot  
  163  17:52  Hellion x5  
  166  18:10  Viking  
  168  18:20  Command Center  
  168  18:25  Cyclone  
  167  18:41  Raven  
  163  18:57  Missile Turret  
  163  18:59  Missile Turret  
  163  19:01  Thor  
  169  19:04  Hellion  
  169  19:05  Hellion x3  
  169  19:07  Widow Mine x2  
  181  19:16  Liberator  
  181  19:20  Liberator  
  181  19:25  Widow Mine x2  
  181  19:29  Hellion  
  181  19:30  Hellion  
  189  19:36  Hellion  
  197  20:01  Orbital Command  
  197  20:04  Missile Turret  
  197  20:06  Raven  
  198  20:07  Missile Turret  
  198  20:18  Raven  
  187  21:06  Missile Turret  
  187  21:10  Sensor Tower, Missile Turret  
  187  21:15  Missile Turret  
  187  21:30  Explosive Shrapnel Shells  
  182  22:10  Missile Turret  
  182  22:17  Missile Turret  
  182  22:27  Missile Turret  
  74  23:26  Hellbat  
Tags
 
Add a new tag
Caveats
  • Supply blocks, unpowered buildings, or Contaminate may cause inaccurate times.
  • Supply counts are checked every 10 seconds.